 Dungeon Crawl Stone Soup version 0.25-a0-516-g7d600cd9ad (webtiles) character file.

Game seed: 4134397576446089098, levelgen mode: deterministic

40885 Grimalkyne the Archer (level 14, -6/115 HPs)
             Began as a Merfolk Skald on Dec 26, 2019.
             Was the Champion of Okawaru.
             Mangled by a molten gargoyle
             ... wielding a +0 mace
              (11 damage)
             ... on level 6 of the Lair of Beasts on Feb 17, 2020.
             The game lasted 00:58:56 (20892 turns).

Grimalkyne the Archer (Merfolk Skald)              Turns: 20892, Time: 00:58:57

Health: -6/115     AC: 16    Str: 19    XL:     14   Next: 13%
Magic:  20/20      EV: 10    Int: 13    God:    Okawaru [******]
Gold:   1593       SH:  0    Dex: 23    Spells: 13/17 levels left

rFire    + + .     SeeInvis +   b - +8 longbow "Zephyr" {speed, Dex+3 SInv}
rCold    + . .     Gourm    .   (shield currently unavailable)
rNeg     . . .     Faith    .   l - +2 chain mail {rF+}
rPois    +         Spirit   .   h - +1 helmet
rElec    .         Reflect  .   L - +0 cloak of Pantheism {rPois rF+ Str+4} (curse)
rCorr    .         Harm     .   P - +2 pair of gloves {Str+3}
MR       +++..                  (no boots)
Stlth    ..........             (no amulet)
HPRegen  0.29/turn              o - ring of Ocumeuju {rC+ MR+ Dex+3 Stlth+}
MPRegen  0.17/turn              M - ring of protection from magic

@: invisible
A: change form in water, swift swim, stealthy swim
a: Heroism, Finesse, Renounce Religion


You were on level 6 of the Lair of Beasts.
You worshipped Okawaru.
Okawaru was exalted by your worship.
You were very hungry.

You visited 3 branches of the dungeon, and saw 18 of its levels.

You collected 1593 gold pieces.

Inventory:

Hand Weapons
 a - the +8 spear "Oblui" {antimagic, Dex+2}
   (You found it on level 10 of the Dungeon)

   It reduces the magical energy of the wielder, and disrupts the spells and
   magical abilities of those hit.
   Natural abilities and divine invocations are not affected.
   It affects your dexterity (+2).
 b - the +8 longbow "Zephyr" (weapon) {speed, Dex+3 SInv}
   (You found it on level 4 of the Dungeon)

   Attacks with this weapon are significantly faster.
   It affects your dexterity (+3).
   It lets you see invisible.
Missiles
 m - 479 stones
 v - 144 arrows (quivered)
Armour
 h - a +1 helmet (worn)
 l - a +2 chain mail of fire resistance (worn)
 L - the cursed +0 cloak of Pantheism (worn) {rPois rF+ Str+4}
   (You found it on level 1 of the Lair of Beasts)

   It affects your strength (+4).
   It protects you from fire.
   It protects you from poison.
   If you remove this armour, your AC will decrease by 1 (16 -> 15).
   It has a curse placed upon it.
 P - a +2 pair of gloves of strength (worn)
Jewellery
 o - the ring of Ocumeuju (left hand) {rC+ MR+ Dex+3 Stlth+}
   (You found it on level 3 of the Lair of Beasts)

   [ring of protection from cold]

   It affects your dexterity (+3).
   It protects you from cold.
   It affects your resistance to hostile enchantments.
   It makes you more stealthy.
 x - an uncursed ring of positive energy
 y - an uncursed ring of resist corrosion
 z - an uncursed amulet of the gourmand {unknown}
 A - an uncursed ring of ice
 B - an uncursed ring of protection from fire
 M - a ring of protection from magic (right hand)
Wands
 g - a wand of polymorph (27)
 n - a wand of random effects (20)
 p - a wand of enslavement (15)
 r - a wand of paralysis (6)
 H - a wand of digging (6)
 I - a wand of flame (8)
 K - a wand of disintegration (38)
 U - a wand of acid (7)
Scrolls
 i - 9 scrolls of teleportation
 j - 6 scrolls of remove curse
 q - 2 scrolls of magic mapping
 O - a scroll of fear
 R - 2 scrolls of enchant armour
Potions
 e - 7 potions of curing
 f - 2 potions of might
 k - 3 potions of mutation
 s - 3 potions of flight
 t - a potion of resistance
 w - 2 potions of haste
 E - 6 potions of lignification
 G - 4 potions of brilliance
 J - a potion of invisibility
 N - a potion of agility
 Q - a potion of magic
Miscellaneous
 D - a phantom mirror
Comestibles
 d - 28 rations


   Skills:
 - Level 12.0 Fighting
 - Level 10.3 Polearms
 + Level 14.9 Bows
 - Level 0.6 Armour
 - Level 5.1 Dodging
 - Level 2.0 Spellcasting
 - Level 2.4 Hexes
 - Level 4.0 Charms
 - Level 8.0 Invocations


You had 13 spell levels left.
You knew the following spells:

 Your Spells              Type           Power        Failure   Level  Hunger
a - Infusion              Chrm           ##..         54%         1    ##.....
b - Spectral Weapon       Hex/Chrm       #.......     95%         3    ####...

Your spell library contained the following spells:

 Spells                   Type           Power        Failure   Level  Hunger
 Song of Slaying          Chrm           ##......     69%         2    ###....
 Corona                   Hex            #......      77%         1    ##.....
 Slow                     Hex            #.......     88%         2    ###....
 Shroud of Golubria       Chrm/Tloc      #.....       92%         2    ###....
 Animate Skeleton         Necr           N/A          98%         1    ##.....
 Apportation              Tloc           #.....       98%         1    ##.....
 Magic Dart               Conj           #...         98%         1    ##.....
 Summon Small Mammal      Summ           #...         98%         1    ##.....
 Confusing Touch          Hex            #.......     98%         3    ####...
 Searing Ray              Conj           #.....       99%         2    ###....
 Dazzling Flash           Conj/Hex       #.....       99%         3    ####...
 Inner Flame              Hex/Fire       #.......     99%         3    ####...
 Portal Projectile        Hex/Tloc       #.....       99%         3    ####...
 Regeneration             Chrm/Necr      #.........   99%         3    ####...
 Gell's Gravitas          Tloc           #.........   100%        3    ####...
 Cause Fear               Hex            #.........   100%        4    #####..
 Fulminant Prism          Conj/Hex       #.........   100%        4    #####..
 Iskenderun's Mystic Bla  Conj/Tloc      #.......     100%        4    #####..
 Leda's Liquefaction      Hex/Erth       #.........   100%        4    #####..
 Petrify                  Tmut/Erth      #.......     100%        4    #####..
 Metabolic Englaciation   Hex/Ice        #.........   100%        5    ######.
 Yara's Violent Unravell  Hex/Tmut       #.........   100%        5    ######.


Dungeon Overview and Level Annotations

Branches:
Dungeon (11/15)            Temple (1/1) D:5            Lair (6/6) D:9
 Shoals (0/4) Lair:4        Snake (0/4) Lair:2        Slime (0/5) Lair:6
    Orc: D:9-12

Altars:
Ashenzari
Elyvilon
Okawaru
Qazlal
Sif Muna
Uskayaw
Vehumet
Zin
Jiyva

Shops:
D:4 *   D:8 :

Annotations:
D:2 Sigmund
D:5 1 runed translucent door
D:7 3 runed translucent doors, Archen's ghost, novice MiBe
D:8 exclusion: statue
Lair:1 2 runed translucent doors, Xeuzol's ghost, novice DEWz
Lair:2 2 transporters, ICC's ghost, journeyman VSEn
Lair:3 3 runed translucent doors, Hosow's ghost, journeyman GnFi


Message History

* * * LOW HITPOINT WARNING * * *
Okay, then.
You feel better. The black mamba completely misses you.
The black mamba bites you!
* * * LOW HITPOINT WARNING * * *
As you read the scroll of fear, it crumbles to dust.
You assume a fearsome visage.
The black mamba looks frightened!
The lindwurm looks frightened!
The molten gargoyle is unaffected.
The lava snake looks frightened!
The lava snake hisses angrily.
Okay, then.
Unknown command.
Press: ? - help, v - describe, . - travel, g - get item
Here: a molten gargoyle, wielding a +0 mace 2 arrows.
The floor, spattered with blood.
Unknown command.
You fade into invisibility!
The molten gargoyle hits you with a +0 mace!
You die...

....#≈(##....## ##.....8# ##....#
..D..§§#......#S#......## #.....
.....§§#.. ..#≈#.......## ###...
.....#§#. .#≈≈..§.....####.#..
...#≈≈# [#≈≈≈≈##.......÷#...
#(##≈≈## ##≈≈≈#.........#....
##§§≈≈≈≈######§≈§.........####.#.
#§§k.≈≈#≈≈≈§§≈≈≈#......#### ###.
#≈≈.§§##≈≈≈≈≈≈≈§@.....## ##
≈≈§≈§##..§≈§###.9#..8#8#
§≈≈##..D..§§.#.)##8#####
§###....k....#S§≈### #
#8...........#≈§#
###.......kD##§§§# §
#.......[...##§§§#
§≈≈###........## ≈#§#
#≈≈.......#8#8# ≈#§§


You could see an eight-headed hydra, a lindwurm (fleeing), a black mamba
(fleeing), a molten gargoyle and a lava snake (fleeing).

Vanquished Creatures
  Fannar (Lair:3)
  5 hydras
  6 death yaks (Lair:4)
  2 lindwurms
  3 oklob plants
  A manticore (Lair:5)
  2 merfolk sirens (Lair:4)
  Joseph (D:10)
  A molten gargoyle (Lair:6)
  5 black mambas
  3 elephants (Lair:6)
  9 spiny frogs
  4 rime drakes (Lair:5)
  6 komodo dragons
  Maggie (D:8)
  A polar bear (Lair:6)
  2 merfolk (Lair:4)
  Grinder (D:3)
  12 hippogriffs
  19 blink frogs
  11 wyverns
  15 yaks
  A hungry ghost (D:8)
  14 basilisks
  2 steam dragons (Lair:6)
  3 nagas (Lair:2)
  6 water moccasins
  2 porcupines
  5 hell hounds
  2 orc warriors
  Duvessa (D:6)
  4 sky beasts
  4 phantoms
  An ice beast (D:8)
  A black bear (D:9)
  4 centaurs
  An ogre (D:9)
  15 wolves (Lair:5)
  8 crocodiles
  Blork the orc (D:6)
  9 bullfrogs
  Dowan (D:6)
  7 scorpions
  13 killer bees
  9 wights (D:7)
  A howler monkey (D:4)
  3 crimson imps
  3 lava snakes (Lair:6)
  A bullfrog zombie (D:4)
  A quasit (D:7)
  3 hounds
  5 bullfrog skeletons
  A centaur skeleton (D:9)
  5 orc priests
  Jessica (D:2)
  Terence (D:3)
  Natasha (thrice) (D:2)
  9 iguanas
  11 orc wizards
  6 worker ants
  Robin (D:2)
  14 gnolls
  20 adders
  2 shadow imps
  2 adder skeletons
  2 worms
  A dart slug (D:1)
  A leopard gecko (D:4)
  44 orcs
  4 giant cockroaches
  16 goblins
  8 hobgoblins
  7 jackals
  8 kobolds
  3 quokkas
  3 bats
  5 frilled lizards
  2 leopard gecko skeletons
  7 rats
  A fungus (Lair:5)
430 creatures vanquished.

Vanquished Creatures (others)
  10 fungi
  4 plants
14 creatures vanquished.

Grand Total: 444 creatures vanquished

Notes
Turn   | Place    | Note
-------+----------+-------------------------------------------
     0 | D:1      | Grimalkyne the Merfolk Skald began the quest for the Orb.
     0 | D:1      | Reached XP level 1. HP: 16/16 MP: 3/3
   115 | D:1      | You fall into a shaft and drop 1 floor!
   115 | D:2      | Found a stormy altar of Qazlal.
   510 | D:1      | Reached XP level 2. HP: 22/22 MP: 5/5
   740 | D:2      | Noticed Natasha
   751 | D:2      | Noticed a crimson imp
   751 | D:2      | Killed Natasha
   751 | D:2      | Reached skill level 5 in Polearms
   751 | D:2      | Reached XP level 3. HP: 11/27 MP: 6/6
   921 | D:2      | Learned a level 3 spell: Spectral Weapon
  1122 | D:2      | Noticed Jessica
  1133 | D:2      | Killed Jessica
  1133 | D:2      | Reached XP level 4. HP: 33/33 MP: 7/7
  1145 | D:2      | Noticed Natasha
  1156 | D:2      | Killed Natasha
  1514 | D:2      | Reached XP level 5. HP: 34/38 MP: 8/8
  1645 | D:2      | Noticed Robin
  1680 | D:2      | Killed Robin
  2020 | D:2      | Noticed Sigmund
  2241 | D:2      | Reached skill level 1 in Hexes
  2415 | D:2      | Noticed Natasha
  2429 | D:2      | Killed Natasha
  2429 | D:2      | Reached XP level 6. HP: 33/47 MP: 4/9
  2880 | D:3      | Noticed Terence
  2952 | D:3      | Killed Terence
  3374 | D:3      | Noticed Grinder
  3908 | D:3      | Killed Grinder
  3908 | D:3      | Reached XP level 7. HP: 27/55 MP: 4/10
  4620 | D:3      | Upgraded the game from 0.25-a0-317-g5f8687bca5 to
                  | 0.25-a0-482-g9b3b753f3f
  5104 | D:3      | Reached skill level 5 in Fighting
  5457 | D:4      | Found Uchote's Assorted Antiques.
  5811 | D:4      | Reached XP level 8. HP: 48/63 MP: 2/11
  6047 | D:4      | Reached skill level 10 in Polearms
  6420 | D:4      | Found the +8 longbow "Zephyr" {speed, Dex+3 SInv}
  6591 | D:5      | Entered Level 5 of the Dungeon
  6645 | D:5      | Reached skill level 1 in Bows
  6883 | D:5      | Found a glowing silver altar of Zin.
  6884 | D:5      | Found a runed translucent door.
  6884 | D:5      | Noticed an angel
  6898 | D:5      | Found a staircase to the Ecumenical Temple.
  6931 | Temple   | Entered the Ecumenical Temple
  6936 | Temple   | Became a worshipper of Warmaster Okawaru
  7274 | D:6      | Reached skill level 2 in Bows
  7383 | D:6      | Noticed Blork the orc
  7388 | D:6      | Killed Blork the orc
  7462 | D:6      | Found a white marble altar of Elyvilon.
  7633 | D:6      | Noticed Duvessa
  7633 | D:6      | Noticed Dowan
  7641 | D:6      | Killed Duvessa
  7641 | D:6      | Reached skill level 3 in Bows
  7641 | D:6      | Reached XP level 9. HP: 72/73 MP: 12/12
  7644 | D:6      | Killed Dowan
  7644 | D:6      | Reached * piety under Okawaru
  7847 | D:7      | Found a runed translucent gate.
  7847 | D:7      | Found a runed translucent gate.
  7996 | D:7      | Reached skill level 4 in Bows
  8013 | D:7      | Found a runed translucent gate.
  8016 | D:7      | Noticed Archen's ghost (novice MiBe)
  8016 | D:7      | Identified the +7 short sword "Telen" {elec, rF+ MR+}
  8301 | D:7      | Reached ** piety under Okawaru
  8503 | D:7      | Noticed a +0 hand axe
  8503 | D:7      | Noticed a +0 dagger
  8514 | D:7      | Reached skill level 5 in Bows
  8519 | D:7      | Found a hide-covered altar of Uskayaw.
  8767 | D:7      | Reached skill level 5 in Dodging
  8904 | D:7      | Reached skill level 6 in Bows
  8925 | D:7      | Reached XP level 10. HP: 82/82 MP: 13/13
  9239 | D:8      | Found a shimmering blue altar of Sif Muna.
  9476 | D:8      | Found a radiant altar of Vehumet.
  9577 | D:8      | Reached *** piety under Okawaru
  9647 | D:8      | Noticed Maggie
  9649 | D:8      | Reached skill level 7 in Bows
  9666 | D:8      | Killed Maggie
 10308 | D:8      | Found Geaboeso's Book Emporium.
 10691 | D:9      | Reached skill level 8 in Bows
 10836 | D:9      | Found a shattered altar of Ashenzari.
 10856 | D:9      | Received a gift from Okawaru
 11055 | D:9      | Found a staircase to the Lair.
 11155 | D:9      | Reached skill level 9 in Bows
 11595 | D:10     | Entered Level 10 of the Dungeon
 11595 | D:10     | Noticed Joseph
 11604 | D:10     | Killed Joseph
 11604 | D:10     | Reached **** piety under Okawaru
 11604 | D:10     | Received a gift from Okawaru
 12308 | D:10     | Reached XP level 11. HP: 75/87 MP: 14/14
 12404 | D:10     | Got a fine spear
 12405 | D:10     | Identified the +8 spear "Oblui" {antimagic, Dex+2} (You
                  | found it on level 10 of the Dungeon)
 12610 | Lair:1   | Entered Level 1 of the Lair of Beasts
 12647 | Lair:1   | Reached skill level 10 in Bows
 12753 | Lair:1   | Found a large runed translucent door.
 12754 | Lair:1   | Found a large runed translucent door.
 12935 | Lair:1   | Received a gift from Okawaru
 12945 | Lair:1   | Reached ***** piety under Okawaru
 13247 | Lair:1   | Got a slimy cloak
 13253 | Lair:1   | Identified the cursed +0 cloak of Pantheism {rPois rF+
                  | Str+4} (You found it on level 1 of the Lair of Beasts)
 13326 | Lair:1   | Noticed an oklob plant
 13326 | Lair:1   | Noticed an oklob plant
 13401 | Lair:1   | Reached skill level 11 in Bows
 13520 | Lair:1   | Noticed Xeuzol's ghost (novice DEWz)
 13984 | Lair:1   | Killed an oklob plant
 14092 | Lair:1   | Killed an oklob plant
 14265 | Lair:2   | Found a staircase to the Snake Pit.
 14333 | Lair:2   | Noticed an eight-headed hydra
 14334 | Lair:2   | Noticed a death yak
 14516 | Lair:2   | Received a gift from Okawaru
 14517 | Lair:2   | Got a brightly glowing great sword {god gift}
 14518 | Lair:2   | Identified the +1 great sword of Annoyance {vamp, rElec rN+
                  | Str+2 SInv} (Okawaru gifted it to you on level 2 of the
                  | Lair of Beasts)
 14549 | Lair:2   | Reached skill level 12 in Bows
 14857 | Lair:2   | Found a transporter.
 14860 | Lair:2   | Found a transporter.
 14864 | Lair:2   | Noticed ICC's ghost (journeyman VSEn)
 14981 | Lair:3   | Noticed Fannar
 15041 | Lair:3   | Killed Fannar
 15042 | Lair:3   | Reached XP level 12. HP: 67/94 MP: 15/15
 15434 | Lair:3   | Noticed an eight-headed hydra
 15436 | Lair:3   | Noticed Hosow's ghost (journeyman GnFi)
 15455 | Lair:3   | Found a runed translucent gate.
 15458 | Lair:3   | Found a runed translucent gate.
 15458 | Lair:3   | Found a runed translucent gate.
 15537 | Lair:3   | Got a glittering steel ring
 15827 | Lair:4   | Reached skill level 13 in Bows
 15840 | Lair:4   | Found a staircase to the Shoals.
 16071 | Lair:4   | Reached skill level 1 in Invocations
 16386 | Lair:4   | Noticed a death yak
 16386 | Lair:4   | Noticed a death yak
 16390 | Lair:4   | Noticed a death yak
 16392 | Lair:4   | Noticed a death yak
 16393 | Lair:4   | Noticed a death yak
 16396 | Lair:4   | Noticed a death yak
 16398 | Lair:4   | Killed a death yak
 16408 | Lair:4   | Killed a death yak
 16408 | Lair:4   | Reached ****** piety under Okawaru
 16408 | Lair:4   | Received a gift from Okawaru
 16415 | Lair:4   | Killed a death yak
 16422 | Lair:4   | Killed a death yak
 16428 | Lair:4   | Killed a death yak
 16428 | Lair:4   | Reached skill level 5 in Invocations
 16433 | Lair:4   | Killed a death yak
 16585 | Lair:4   | Received a gift from Okawaru
 16789 | Lair:4   | Noticed a five-headed hydra
 16796 | Lair:4   | Killed a five-headed hydra
 16819 | Lair:4   | Reached XP level 13. HP: 95/100 MP: 17/17
 16896 | Lair:4   | Reached skill level 14 in Bows
 16967 | Lair:4   | Identified the ring of Ocumeuju {rC+ MR+ Dex+3 Stlth+} (You
                  | found it on level 3 of the Lair of Beasts)
 17116 | Lair:4   | Found a radiant altar of Vehumet.
 17572 | Lair:4   | Upgraded the game from 0.25-a0-482-g9b3b753f3f to
                  | 0.25-a0-516-g7d600cd9ad
 18242 | Lair:5   | Reached skill level 10 in Fighting
 18314 | Lair:5   | Received a gift from Okawaru
 19261 | Lair:6   | Entered Level 6 of the Lair of Beasts
 19261 | Lair:6   | Found a viscous altar of Jiyva.
 19261 | Lair:6   | Found a staircase to the Slime Pits.
 19886 | Lair:6   | Reached XP level 14. HP: 113/113 MP: 20/20
 20889 | Lair:6   | HP: 4/115 [molten gargoyle/bolt of magma (6)]
 20892 | Lair:6   | Mangled by a molten gargoyle

Levels and vault maps discovered:
D:1:      lemuel_arrival_broad_hall, layout_basic, eino_curves_01
D:2:      layout_loops_ring, overflow_temple_1_default, first_ration,
          chequers_serial_rivers_micro_b, nrook_mini_vaults, minmay_3d_cube,
          uniq_natasha, uniq_robin, uniq_sigmund, uniq_jessica
D:3:      layout_basic, uniq_grinder, uniq_terence
D:4:      wander_river, layout_loops_ring, serial_shops, shop_fountains
D:5:      layout_loops_ring, minmay_temple_entry_sparse_star,
          nrook_loot_triangle, lemuel_angel_altar
D:6:      layout_rooms, lemuel_round_altar, uniq_blork_the_orc, uniq_duvessa
D:7:      layout_loops_corners, dancing_weapons_uskayaw,
          gammafunk_ghost_nasty_kobolds
D:8:      layout_basic, kennysheep_mini_moat, vehumet_statue, serial_shops,
          shop, lightli_corner_chamber, uniq_maggie
D:9:      layout_loops_corners, evilmike_ruin_ashenzari,
          grunt_lair_entry_orc_guard_hut
D:10:     layout_roguey, uniq_joseph
D:11:     layout_long_grid, basic_altar
Temple:   nicolae_temple_elliptical
Lair:1:   dpeg_oklob_gauntlet, layout_chaotic_city, ebering_ghost_disaster_area,
          serial_bayou_shore_b, grunt_megastairs_3, lemuel_fruit_fields,
          infiniplex_staircase_pool_2
Lair:2:   layout_hall_layers, guppyfry_snake_entry_island,
          gammafunk_ghost_arena, patterned_corridor
Lair:3:   layout_misc_corridors, gammafunk_ghost_split, uniq_fannar
Lair:4:   layout_cave_pods, elwin_shoals_entry_stream, basic_altar
Lair:5:   cheibrodos_lair_river_kwai, layout_layer_cave, special_room
          [special_room_mythical_zoo]
Lair:6:   cheibrodos_lair_end_hotspot, layout_cave_pods, slime_altar_1,
          serial_bayou_shore_b

Skill      XL: |  1  2  3  4  5  6  7  8  9 10 11 12 13 14 |
---------------+-------------------------------------------+-----
Polearms       | 4 5 6 7 8 9 10 | 10.3
Hexes          | 1 2 |  2.4
Fighting       | 3 4 5 7 8 11 12 | 12.0
Charms         | 4 |  4.0
Bows           | 3 6 9 12 13 14 | 14.9
Dodging        | 5 |  5.1
Invocations    | 6 8 |  8.0
Armour         | |  0.6
Spellcasting   | |  2.0

Action                   |  1- 3 |  4- 6 |  7- 9 | 10-12 | 13-15 || total
-------------------------+-------+-------+-------+-------+-------++-------
Melee: Spear             |    49 |   287 |   252 |     7 |       ||   595
       Unarmed           |       |     5 |       |       |       ||     5
       Tailslap          |       |       |    11 |       |       ||    11
       Halberd           |       |       |    16 |       |       ||    16
 Fire: Longbow           |       |       |   219 |   528 |   399 ||  1146
 Cast: Infusion          |       |     9 |     4 |       |       ||    13
       Spectral Weapon   |       |     3 |     7 |       |       ||    10
Invok: Heroism           |       |       |       |     2 |       ||     2
  Use: Scroll            |       |       |    15 |     9 |    10 ||    34
       Potion            |       |       |       |     1 |     4 ||     5
 Stab: Confused          |       |     1 |       |       |       ||     1
       Distracted        |       |       |     2 |       |       ||     2
  Eat: Chunk             |     1 |     9 |    13 |    23 |     7 ||    53
       Ration            |       |       |     1 |     1 |     1 ||     3
Armor: Leather armour    |     8 |    20 |    25 |       |       ||    53
       Chain mail        |       |    60 |    71 |    72 |    60 ||   263
       Steam dragon scal |       |       |       |     2 |       ||     2
Dodge: Dodged            |    14 |   106 |   109 |    83 |    61 ||   373

Table legend:
 A = Non-vault XP
 B = Vault XP
 C = Vault XP percentage of total XP
 D = Non-vault monster count
 E = Vault monster count
 F = Vault count percentage of total count
                 A         B        C        D         E       F
            +---------+---------+-------+---------+---------+-------
      Total |   37826 |   20582 |  35.2 |     336 |      93 |  21.7
            +---------+---------+-------+---------+---------+-------
        D:1 |      12 |       0 |   0.0 |       6 |       0 |   0.0
        D:2 |     190 |     134 |  41.4 |      26 |      16 |  38.1
        D:3 |     356 |     303 |  46.0 |      37 |       2 |   5.1
        D:4 |     512 |       0 |   0.0 |      26 |       0 |   0.0
        D:5 |     422 |       0 |   0.0 |      17 |       0 |   0.0
        D:6 |     221 |     316 |  58.8 |       9 |       3 |  25.0
        D:7 |    2193 |       0 |   0.0 |      46 |       0 |   0.0
        D:8 |    1326 |     350 |  20.9 |      22 |       1 |   4.3
        D:9 |    1205 |     651 |  35.1 |      24 |       5 |  17.2
       D:10 |     640 |     445 |  41.0 |      19 |       1 |   5.0
     Lair:1 |    3131 |    2141 |  40.6 |      15 |       6 |  28.6
     Lair:2 |    2294 |     495 |  17.7 |      11 |       3 |  21.4
     Lair:3 |    3124 |     997 |  24.2 |      12 |       1 |   7.7
     Lair:4 |   10318 |    1555 |  13.1 |      21 |       4 |  16.0
     Lair:5 |    7179 |    9258 |  56.3 |      33 |      32 |  49.2
     Lair:6 |    4703 |    3937 |  45.6 |      12 |      19 |  61.3
            +---------+---------+-------+---------+---------+-------
